 Dungeon Crawl Stone Soup version 0.25-a0-549-g6e6e6501ad (webtiles) character file.

Game seed: 3362205809357825674, levelgen mode: deterministic

2914 Crl the Skirmisher (level 9, -12/86 HPs)
             Began as a Naga Fighter on Feb 23, 2020.
             Was a Believer of Okawaru.
             Killed by divine providence
             ... invoked by an orc priest
              (13 damage)
             ... on level 8 of the Dungeon.
             The game lasted 00:23:05 (8433 turns).

Crl the Skirmisher (Naga Fighter)                   Turns: 8433, Time: 00:23:06

Health: -12/86     AC: 19    Str: 22    XL:     9   Next: 78%
Magic:  0/9        EV: 11    Int:  8    God:    Okawaru [**....]
Gold:   317        SH: 12    Dex: 11    Spells: 8/8 levels left

rFire    . . .     SeeInvis +   a - +0 trident
rCold    . . .     Gourm    .   c - +0 kite shield
rNeg     . . .     Faith    .   y - +3 ring mail
rPois    +         Spirit   +   E - +0 helmet
rElec    .         Reflect  .   I - scarf {Spirit}
rCorr    +         Harm     .   r - +0 pair of gloves
MR       +....                  (no barding)
Stlth    ++........             (no amulet)
HPRegen  0.24/turn              v - ring of resist corrosion
MPRegen  0.11/turn              w - +5 ring of protection

@: heroism, very slow
A: large, see invisible, deformed body, poison resistance, slowness 2, slow
metabolism 1, spit poison 1, AC +3
a: Spit Poison, Heroism, Renounce Religion


You were on level 8 of the Dungeon.
You worshipped Okawaru.
Okawaru was pleased with you.
You were hungry.

You visited 2 branches of the dungeon, and saw 9 of its levels.

You collected 317 gold pieces.

Inventory:

Hand Weapons
 a - a +0 trident (weapon)
Missiles
 k - 10 boomerangs
 n - 3 throwing nets (quivered)
 H - 15 poisoned darts
Armour
 c - a +0 kite shield (worn)
 r - a +0 pair of gloves (worn)
 y - a +3 ring mail (worn)
 E - a +0 helmet (worn)
 F - a +0 plate armour
 I - a scarf of spirit shield (worn)
Jewellery
 v - a ring of resist corrosion (left hand)
 w - a +5 ring of protection (right hand)
 C - an uncursed ring of stealth
Wands
 D - a wand of disintegration (19)
 G - a wand of flame (20)
Scrolls
 e - 6 scrolls of identify
 g - 6 scrolls of remove curse
 h - 2 scrolls of amnesia
 s - a scroll of fog {unknown}
 t - a scroll of random uselessness {unknown}
 u - 2 scrolls of blinking {unknown}
 x - 3 scrolls of teleportation {unknown}
 A - a scroll of fear {unknown}
 B - a scroll of magic mapping {unknown}
Potions
 b - 2 potions of brilliance {unknown}
 d - 2 potions of might
 i - a potion of berserk rage {unknown}
 j - a potion of lignification {unknown}
 l - a potion of degeneration {unknown}
 m - 3 potions of heal wounds {unknown}
 o - a potion of invisibility {unknown}
 p - a potion of curing {unknown}
 q - 3 potions of flight {unknown}
 z - a potion of magic {unknown}
 J - a potion of ambrosia {unknown}
Comestibles
 f - 15 rations


   Skills:
 + Level 7.2(12.2) Fighting
 + Level 6.9(11.9) Polearms
 + Level 6.0(11.0) Armour
 + Level 6.0(11.0) Shields


You had 8 spell levels left.
You didn't know any spells.
Your spell library contained the following spells:

 Spells                   Type           Power        Failure   Level  Hunger
 Freeze                   Ice            #...         54%         1    ##.....
 Frozen Ramparts          Ice            #.....       88%         3    ####...
 Ozocubu's Armour         Chrm/Ice       #.......     88%         3    ####...
 Hailstorm                Conj/Ice       #.......     99%         4    #####..
 Summon Ice Beast         Ice/Summ       #.......     99%         4    #####..


Dungeon Overview and Level Annotations

Branches:
Dungeon (8/15)             Temple (1/1) D:7
   Lair: D:8-11

Altars:
Ashenzari
Cheibriados
Dithmenos
Elyvilon
Fedhas
Gozag
Hepliaklqana
Kikubaaqudgha
Makhleb
Nemelex Xobeh
Okawaru
Qazlal
Ru
Sif Muna
Trog
Uskayaw
Vehumet
Wu Jian
Xom
Yredelemnul
Zin
The Shining One

Annotations:
D:4 2 transporters, aborigeno's ghost, amateur HOFi


Innate Abilities, Weirdness & Mutations

You cannot wear boots.
Your serpentine skin is tough. (AC +3)
You have supernaturally acute eyesight. (SInv)
Armour fits poorly on your strangely shaped body.
Your system is resistant to poisons. (rPois)
You cover ground very slowly.
You have a slow metabolism.
You can spit poison.


Message History

The orc warrior is heavily wounded.
The orc priest begins to cast a cantrip, but forgets the words!
You hit the orc warrior but do no damage.
The orc warrior is heavily wounded.
You block the orc warrior's attack. The orc priest closely misses you.
You block the orc warrior's attack.
You have got your breath back.
You block the orc priest's attack.
The orc priest hits you but does no damage.
The orc warrior barely misses you.
The orc priest calls down the wrath of Beogh upon you.
Beogh smites you!
* * * LOW HITPOINT WARNING * * *
You hit the orc priest but do no damage.
You closely miss the orc priest.
The orc warrior hits you with a +0 long sword.
* * * LOW HITPOINT WARNING * * *
The orc priest mumbles some strange prayers to Beogh against you.
Beogh smites you!
You die...

###...###.#.## #.
#............## #. .####
###...........####.
.....###...............#.
##.<.#.#..###..####....
..##........###..## ##..(
........#####...## ####
..##.##.......## #.
#..##.o@o.### #. #
##)...)).#.### #.
..#..#...####.....# #.
........## ####...# #.
.......## #.....# ##
...#... #.##.# # .......
.# # # $..o##. .#. # $...
.. .... #


You could see an orc warrior and an orc priest.

Vanquished Creatures
  A hippogriff (D:7)
  A hungry ghost (D:7)
  A water moccasin (D:6)
  2 ice beasts
  A sky beast (D:5)
  2 black bears
  2 orc warriors (D:6)
  2 ogres
  3 centaurs
  2 big kobolds (D:8)
  The ghost of Esekla the Magician, an amateur DEWz (D:3)
  A bullfrog (D:6)
  2 scorpions
  The ghost of EnegeticOcto the Covered, a weakling DDFi (D:3)
  4 crimson imps
  3 bullfrog zombies
  2 centaur skeletons (D:4)
  4 jellies
  3 orc priests
  3 hounds
  An iguana (D:6)
  6 orc wizards
  2 worker ants
  A hound skeleton (D:4)
  A worker ant zombie (D:8)
  9 adders
  2 oozes
  An adder zombie (D:8)
  An adder skeleton (D:6)
  3 worms
  3 dart slugs
  5 leopard geckos
  20 orcs
  4 giant cockroaches
  5 hobgoblins
  2 quokkas (D:4)
  A ball python (D:3)
  3 bats
  5 frilled lizards
  7 goblins
  11 kobolds
  A leopard gecko zombie (D:5)
  A quokka zombie (D:5)
  8 rats
144 creatures vanquished.

Vanquished Creatures (others)
  A bat (D:3)
1 creature vanquished.

Grand Total: 145 creatures vanquished

Notes
Turn   | Place    | Note
-------+----------+-------------------------------------------
     0 | D:1      | Crl the Naga Fighter began the quest for the Orb.
     0 | D:1      | Reached XP level 1. HP: 21/21 MP: 1/1
   473 | D:1      | Reached XP level 2. HP: 28/28 MP: 2/2
  1164 | D:2      | Reached XP level 3. HP: 34/34 MP: 3/3
  1291 | D:2      | Found an opulent altar of Gozag.
  2296 | D:3      | Found a runed translucent gate.
  2296 | D:3      | Found a runed translucent gate.
  2296 | D:3      | Found a runed translucent gate.
  2298 | D:3      | Noticed EnegeticOcto's ghost (weakling DDFi)
  2298 | D:3      | Noticed Esekla's ghost (amateur DEWz)
  2394 | D:3      | Reached XP level 4. HP: 37/42 MP: 4/4
  2771 | D:3      | Found an iron altar of Okawaru.
  2782 | D:3      | You fall into a shaft and drop 2 floors!
  2782 | D:5      | Entered Level 5 of the Dungeon
  2814 | D:5      | Reached XP level 5. HP: 22/50 MP: 5/5
  3230 | D:5      | Noticed a sky beast
  3407 | D:3      | Became a worshipper of Warmaster Okawaru
  3505 | D:3      | Reached skill level 4 in Fighting
  3637 | D:3      | Killed EnegeticOcto's ghost
  3637 | D:3      | Reached XP level 6. HP: 15/57 MP: 6/6
  3908 | D:3      | Killed Esekla's ghost
  4258 | D:4      | Found a transporter.
  4262 | D:4      | Noticed aborigeno's ghost (amateur HOFi)
  4262 | D:4      | Noticed a phantom
  4274 | D:4      | Reached * piety under Okawaru
  4284 | D:4      | Found a transporter.
  4299 | D:4      | Reached XP level 7. HP: 66/66 MP: 7/7
  4302 | D:4      | Found a basalt altar of Yredelemnul.
  4306 | D:4      | Found a shimmering blue altar of Sif Muna.
  4311 | D:4      | Found a radiant altar of Vehumet.
  5475 | D:5      | Found a blossoming altar of Fedhas.
  5475 | D:5      | Found a sparkling altar of Nemelex Xobeh.
  5477 | D:5      | Found a shadowy altar of Dithmenos.
  5478 | D:5      | Found a hide-covered altar of Uskayaw.
  5531 | D:5      | Reached skill level 5 in Fighting
  5962 | D:6      | Reached XP level 8. HP: 72/74 MP: 8/8
  6044 | D:6      | Reached skill level 5 in Polearms
  6353 | D:6      | Reached skill level 6 in Fighting
  6353 | D:6      | Reached skill level 5 in Armour
  6353 | D:6      | Reached skill level 5 in Shields
  6674 | D:6      | Reached ** piety under Okawaru
  6701 | D:6      | Reached XP level 9. HP: 36/82 MP: 9/9
  7472 | D:7      | Found a staircase to the Ecumenical Temple.
  7491 | Temple   | Entered the Ecumenical Temple
  8001 | D:8      | Reached skill level 7 in Fighting
  8431 | D:8      | HP: 3/86 [orc priest/divine providence (12)]
  8433 | D:8      | HP: 1/86 [orc warrior/+0 long sword (3)]
  8433 | D:8      | Killed from afar by an orc priest

Levels and vault maps discovered:
D:1:      scummos_arrival_checkerplants, layout_loops_corners
D:2:      layout_loops_ring, grunt_gozag_breadcrumbs
D:3:      layout_rooms, first_ration, gammafunk_ghost_cemetery,
          okawaru_ov_weapons_minmay
D:4:      layout_loops_ring, minmay_overflow_temple_star_quad,
          gammafunk_ghost_mausoleum, serial_bayou_crossing
D:5:      layout_loops_corners, minitemple
D:6:      minmay_spotlight, layout_basic
D:7:      layout_rooms, minmay_temple_entry_mini_moons
D:8:      layout_rooms, lair_entry_dummy, serial_shops,
          nicolae_shop_statue_plus, blue_anna_alchemist [blue_anna_fruit_fields,
          blue_anna_fruit_fields], tgw_xom
Temple:   nicolae_temple_no_exploring_needed

Skill      XL: |  1  2  3  4  5  6  7  8  9 |
---------------+----------------------------+-----
Armour         | 3 4 5 6 |  6.0
Shields        | 3 4 5 6 |  6.0
Polearms       | 3 4 5 6 |  6.9
Fighting       | 4 5 6 7 |  7.2

Action                   |  1- 3 |  4- 6 |  7- 9 || total
-------------------------+-------+-------+-------++-------
Melee: Trident           |    99 |   190 |   494 ||   783
Throw: Throwing net      |       |     1 |     1 ||     2
Invok: Heroism           |       |       |     4 ||     4
 Abil: Spit Poison       |    14 |    24 |    27 ||    65
  Use: Scroll            |       |     3 |       ||     3
  Eat: Chunk             |     4 |     1 |     8 ||    13
       Ration            |       |     2 |     2 ||     4
Armor: Scale mail        |    22 |    65 |    19 ||   106
       Ring mail         |       |       |   186 ||   186
Dodge: Dodged            |    24 |    36 |   107 ||   167
Block: Kite shield       |    44 |    70 |   202 ||   316

Table legend:
 A = Non-vault XP
 B = Vault XP
 C = Vault XP percentage of total XP
 D = Non-vault monster count
 E = Vault monster count
 F = Vault count percentage of total count
                 A         B        C        D         E       F
            +---------+---------+-------+---------+---------+-------
      Total |    3754 |     410 |   9.8 |     138 |       6 |   4.2
            +---------+---------+-------+---------+---------+-------
        D:1 |      13 |       0 |   0.0 |       7 |       0 |   0.0
        D:2 |      40 |       0 |   0.0 |      16 |       0 |   0.0
        D:3 |      96 |     163 |  62.9 |      24 |       2 |   7.7
        D:4 |     266 |       0 |   0.0 |      12 |       0 |   0.0
        D:5 |     498 |       0 |   0.0 |      22 |       0 |   0.0
        D:6 |    1308 |     152 |  10.4 |      28 |       3 |   9.7
        D:7 |     855 |       0 |   0.0 |      13 |       0 |   0.0
        D:8 |     678 |      95 |  12.3 |      16 |       1 |   5.9
            +---------+---------+-------+---------+---------+-------
